 Dungeon Crawl Stone Soup version 0.20.0-15-g7f486f2 (webtiles) character file.

110 tilp the Firebug (level 4, -8/33 HPs)
             Began as a Hill Orc Fire Elementalist on June 9, 2017.
             Killed from afar by tilp's ghost (19 damage)
             ... with a flame tongue
             ... on level 3 of the Dungeon.
             The game lasted 00:09:16 (2653 turns).

tilp the Firebug (Hill Orc Fire Elementalist)       Turns: 2653, Time: 00:09:17

Health: -8/33      AC:  2    Str: 10    XL:     4   Next: 91%
Magic:  6/7        EV: 12    Int: 16    God:
Gold:   215        SH:  0    Dex: 11    Spells: 4/8 levels left

rFire    . . .     SeeInvis .   d - +2 mace (protect)
rCold    . . .     Gourm    .   (no shield)
rNeg     . . .     Faith    .   a - +0 robe
rPois    .         Spirit   .   (no helmet)
rElec    .         Reflect  .   (no cloak)
rCorr    .         Harm     .   (no gloves)
MR       .....                  (no boots)
Stlth    ++........             (no amulet)
Regen    0.2/turn               (no ring)
MPRegen  0.1/turn               (no ring)

@: no status effects
A: no striking features
a: no special abilities


You were on level 3 of the Dungeon.
You were not hungry.

You visited 1 branch of the dungeon, and saw 3 of its levels.

You collected 215 gold pieces.

Inventory:

Hand Weapons
 d - a +2 mace of protection (weapon)
 r - a cursed -2 whip
Missiles
 n - a throwing net (quivered)
Armour
 a - a +0 robe (worn)
Scrolls
 e - a scroll of noise {unknown}
 g - 3 scrolls of identify
 k - 3 scrolls of teleportation
 l - a scroll of blinking {unknown}
 m - a scroll of random uselessness {unknown}
 s - a scroll of magic mapping {unknown}
Potions
 h - a potion of experience {unknown}
 o - a potion of mutation {unknown}
 q - a potion of haste {unknown}
 t - a potion of magic {unknown}
Books
 b - a book of Flames

   Spells                             Type                      Level
   a - Flame Tongue                   Conjuration/Fire             1
   b - Throw Flame                    Conjuration/Fire             2
   c - Conjure Flame                  Conjuration/Fire             3
   d - Inner Flame                    Hexes/Fire                   3
   e - Sticky Flame                   Conjuration/Fire             4
   f - Fireball                       Conjuration/Fire             5
Comestibles
 c - 2 bread rations
 f - a royal jelly
 i - a meat ration
 j - 4 fruits
 p - 4 chunks of flesh


   Skills:
 - Level 1.5 Dodging
 - Level 1.5 Stealth
 * Level 2.5 Spellcasting
 * Level 2.3 Conjurations
 + Level 4.5 Fire Magic


You had 4 spell levels left.
You knew the following spells:

 Your Spells              Type           Power        Failure   Level  Hunger
a - Flame Tongue          Conj/Fire      ##...        4%          1    #......
b - Conjure Flame         Conj/Fire      ##......     14%         3    ###....


Dungeon Overview and Level Annotations

Branches:
Dungeon (3/15)

Altars:
Nemelex Xobeh
Qazlal
Xom

Annotations:
D:3 tilp's ghost, amateur HOFE


Message History

p - 4 chunks of flesh (gained 2)
Press: ? - help, v - describe, . - travel, g - get item
Here: tilp's ghost (hasn't noticed you)
A golden potion.
The floor.
Casting: Flame Tongue
Confirm with . or Enter, or press ? or * to list all spells.
Aiming: Flame Tongue
Press: ? - help, Shift-Dir - straight line, f - tilp's ghost
Aim: tilp's ghost (hasn't noticed you)
The flame tongue hits tilp's ghost.
Tilp's ghost appears unharmed.
Tilp's ghost turns its malevolent gaze towards you.
Tilp's ghost casts a spell at you. The puff of flame hits you!
Tilp's ghost gestures at you while chanting.
The puff of flame hits you!
Tilp's ghost points at you and mumbles some strange words.
The flame tongue hits you!
Ouch! That really hurt!
You die...

##..##..........####
....................
................##
...###.........!######
...# ####............#
...#########.........#
..>...............W..#####
...###########...........#
...# #..@.........g ...#
#............. ...#
#.......####.. ####
#.......# . #.......#
#########


You could see tilp's ghost.

Vanquished Creatures
  4 adders
  3 oozes
  A worm (D:2)
  2 dart slugs
  An orc (D:2)
  2 ball pythons (D:2)
  7 bats
  4 giant cockroaches
  2 goblins (D:2)
  4 hobgoblins
  4 jackals (D:2)
  8 kobolds
  4 frilled lizards
  7 rats
53 creatures vanquished.

Notes
Turn   | Place    | Note
-------+----------+-------------------------------------------
     0 | D:1      | tilp the Hill Orc Fire Elementalist began the quest for the Orb.
     0 | D:1      | Reached XP level 1. HP: 14/14 MP: 3/3
   102 | D:1      | Reached XP level 2. HP: 17/20 MP: 4/4
   236 | D:1      | Found a shimmering altar of Xom.
   410 | D:1      | Reached XP level 3. HP: 25/26 MP: 1/6
   461 | D:1      | Learned a level 3 spell: Conjure Flame
   535 | D:1      | Reached skill level 4 in Fire Magic
  1106 | D:2      | Reached XP level 4. HP: 33/33 MP: 4/7
  1551 | D:2      | Found a sparkling altar of Nemelex Xobeh.
  1571 | D:2      | Found a stormy altar of Qazlal.
  1579 | D:2      | Noticed an earth elemental
  1580 | D:2      | Noticed a fire elemental
  1580 | D:2      | Noticed a water elemental
  1580 | D:2      | Noticed an air elemental
  2633 | D:3      | Noticed tilp's ghost (amateur HOFE)
  2653 | D:3      | Killed from afar by tilp's ghost

Skill      XL: |  1  2  3  4 |
---------------+-------------+-----
Spellcasting   | 2 |  2.5
Fire Magic     | 4 |  4.5
Conjurations   | 2 |  2.3
Dodging        | |  1.5
Stealth        | |  1.5

Action                   |  1- 3 |  4- 6 || total
-------------------------+-------+-------++-------
Melee: Mace              |    55 |    56 ||   111
 Cast: Flame Tongue      |    26 |    29 ||    55
       Conjure Flame     |       |     1 ||     1
  Use: Scroll            |     1 |       ||     1
 Stab: Sleeping          |     2 |       ||     2
  Eat: Chunk             |     1 |     6 ||     7
Armor: Robe              |    13 |    26 ||    39
Dodge: Dodged            |    47 |    58 ||   105
